 Dungeon Crawl Stone Soup version 0.28-a0-1510-gd0f6b136d3 (webtiles) character file.

Game seed: 12713977299053132198

382 horus123 the Firebug (level 7, -1/53 HPs)
             Began as a Human Cinder Acolyte on Jan 16, 2022.
             Was a High Priest of Ignis.
             Slain by an iguana (9 damage)
             ... on level 5 of the Dungeon.
             The game lasted 00:07:07 (4008 turns).

horus123 the Firebug (Human Cinder Acolyte)         Turns: 4008, Time: 00:07:09

Health: -1/53      AC:  7    Str: 14    XL:     7   Next: 5%
Magic:  0/13       EV: 11    Int: 17    God:    Ignis [*****.]
Gold:   120        SH:  0    Dex:  8    Spells: 12/14 levels left

rFire   + + .      SeeInvis +   e - +2 dagger (flame)
rCold   . . .      Faith    .   (no shield)
rNeg    . . .      Spirit   .   o - +2 robe {rF+}
rPois   .          Reflect  .   (no helmet)
rElec   .          Harm     .   p - +0 cloak
rCorr   +          Rampage  .   l - +0 pair of gloves
Will    .....                   n - +0 pair of boots
Stlth   +.........              (no amulet)
HPRegen 0.17/turn               h - ring of wizardry
MPRegen 0.13/turn               r - ring of Huidir {rCorr SInv}

@: no status effects
A: no striking features
a: Renounce Religion, Fiery Armour, Foxfire Swarm, Rising Flame


You were on level 5 of the Dungeon.
You worshipped Ignis.
Ignis was extremely pleased with you.
You visited 1 branch of the dungeon, and saw 5 of its levels.

You collected 120 gold pieces.

Inventory:

Hand Weapons
 a - a -1 mace of flaming
 e - a +2 dagger of flaming (weapon)
Armour
 b - a +0 robe
 l - a +0 pair of gloves (worn)
 n - a +0 pair of boots (worn)
 o - a +2 robe of fire resistance (worn)
 p - a +0 cloak (worn)
Jewellery
 h - a ring of wizardry (left hand)
 r - the ring of Huidir (right hand) {rCorr SInv}
   (You found it on level 6 of the Dungeon)

   [ring of see invisible]

   SInv:      It lets you see invisible.
   rCorr:     It protects you from acid and corrosion.
Scrolls
 f - a scroll of teleportation
 i - a scroll of torment
 k - a scroll of fear
Potions
 c - a potion of brilliance
 d - a potion of heal wounds {unknown}
 g - a potion of degeneration {unknown}
 j - a potion of resistance {unknown}
 m - a potion of curing {unknown}
 q - a potion of attraction {unknown}


   Skills:
 + Level 3.9 Fighting
 - Level 3.0 Short Blades
 - Level 3.0 Maces & Flails
 - Level 4.0 Spellcasting
 - Level 4.1 Fire Magic


You had 12 spell levels left.
You knew the following spells:

 Your Spells              Type           Power      Damage    Failure   Level
a - Scorch                Fire           34%        2d7       1%          2

Your spell library contained the following spells:

 Spells                   Type           Power      Damage    Failure   Level


Dungeon Overview and Level Annotations

Branches:
Dungeon (6/15)
 Temple: D:4-7

Altars:
Sif Muna

Shops:
D:1 =


Message History

The iguana is no longer more vulnerable to fire.
The iguana bites you but does no damage.
You hit the iguana. You burn the iguana.
The iguana is heavily wounded.
You hit the iguana but do no damage.
The iguana is heavily wounded.
The iguana bites you!
You closely miss the iguana.
The iguana is heavily wounded.
The iguana barely misses you.
You hit the iguana but do no damage.
The iguana is heavily wounded.
The iguana completely misses you.
You hit the iguana. You burn the iguana.
The iguana is heavily wounded.
The iguana closely misses you.
You completely miss the iguana.
The iguana is heavily wounded.
The iguana bites you.
You hit the iguana but do no damage.
The iguana is heavily wounded.
The iguana closely misses you.
You closely miss the iguana.
The iguana is heavily wounded.
The iguana bites you.
You hit the iguana but do no damage.
The iguana is heavily wounded.
You closely miss the iguana.
The iguana is heavily wounded.
The iguana bites you!
* * * LOW HITPOINT WARNING * * *
There is a stone staircase leading up here.
You are too injured to fight recklessly!
Casting: Scorch (safe; 1% risk of failure)
Press: ? - help, Q - select action Dir - look around, f - activate Flames lash the iguana.
The iguana is severely wounded.
The iguana's fire resistance burns away.
The iguana bites you!
You die...

##.## ... ...
... .. #.# .
#.# .# #.#
$## #@# ...
#l# #.##
##.###†..###.
#..†.......(.
#..###...##..
#..# #.##
#..# .# #...
. #.## ..


You could see an iguana (combustible).

Vanquished Creatures
  A bullfrog (D:6)
  A gnoll sergeant (D:3)
  A water moccasin skeleton (D:2)
  A hound (D:5)
  Crazy Yiuf (D:2)
  Jessica (D:2)
  An orc wizard (D:2)
  3 gnolls
  2 adders (D:2)
  A worm (D:5)
  A dart slug (D:1)
  3 orcs (D:2)
  6 ball pythons
  3 endoplasms
  5 goblins
  6 hobgoblins
  A kobold (D:1)
  A quokka (D:2)
  7 bats
  8 frilled lizards
  8 rats
62 creatures vanquished.

Notes
Turn   | Place    | Note
-------+----------+-------------------------------------------
     0 | D:1      | horus123 the Human Cinder Acolyte began the quest for the
                  | Orb.
     0 | D:1      | Reached XP level 1. HP: 18/18 MP: 2/2
    48 | D:1      | Reached XP level 2. HP: 14/24 MP: 2/4
   287 | D:1      | Reached skill level 1 in Short Blades
   400 | D:1      | Found a faded altar of an unknown god.
   504 | D:1      | Reached XP level 3. HP: 21/29 MP: 5/5
   698 | D:1      | Learned a level 2 spell: Scorch
   766 | D:1      | Found Idotou's Jewellery Shoppe.
  1577 | D:2      | Reached XP level 4. HP: 25/35 MP: 0/7
  1825 | D:2      | Found a runed translucent door.
  1826 | D:2      | Noticed Crazy Yiuf
  2161 | D:2      | Reached XP level 5. HP: 41/41 MP: 8/8
  2168 | D:2      | Noticed Jessica
  2172 | D:2      | Killed Jessica
  2751 | D:2      | Killed Crazy Yiuf
  3215 | D:2      | Reached XP level 6. HP: 23/47 MP: 1/10
  3884 | D:3      | Found a shimmering blue altar of Sif Muna.
  3905 | D:3      | You fall into a shaft and drop 3 floors!
  3961 | D:6      | Found the +8 mithril axe "Arga" {speed, Will+}
  3966 | D:6      | Identified the ring of Huidir {rCorr SInv}
  3972 | D:5      | Entered Level 5 of the Dungeon
  3977 | D:5      | Reached XP level 7. HP: 47/53 MP: 4/13
  4008 | D:5      | Slain by an iguana

Illustrated notes

Levels and vault maps discovered:
D:1:      lemuel_arrival_broad_hall, layout_loops_ring, serial_shops,
          nicolae_shop_stone, basic_ecumenical_altar, minmay_lizard_pond
D:2:      layout_loops_corners, uniq_jessica, uniq_crazy_yiuf_cottage
D:3:      layout_loops_ring, lemuel_blue_sif_altar,
          mainiacjoe_overflow_alcove_2, uniq_terence
D:5:      layout_loops_ring, kennysheep_mini, okawaru_ov_weapons_minmay,
          patterned_corridor
D:6:      layout_rooms, grunt_temple_overflow_champion_of_chaos,
          minmay_misc_feat_four_crosses, kennysheep_doodads

Skill      XL: |  1  2  3  4  5  6 |
---------------+-------------------+-----
Short Blades   | 1 2 3 |  3.0
Spellcasting   | 2 3 4 |  4.0
Fire Magic     | 4 |  4.1
Fighting       | |  3.9
Maces & Flails | |  3.0

Action                   |  1- 3 |  4- 6 |  7- 9 || total
-------------------------+-------+-------+-------++-------
Melee: Mace              |    20 |       |       ||    20
       Dagger            |    75 |    38 |    22 ||   135
       Punch             |       |     1 |       ||     1
 Cast: Scorch            |     3 |    42 |     4 ||    49
  Use: Scroll            |     3 |     2 |       ||     5
Armor: Robe              |    15 |    32 |     2 ||    49
Dodge: Dodged            |    60 |    55 |    10 ||   125

Table legend: (Time is in decaauts)
 A = Elapsed time spent in this place.
 B = Non-inter-level travel time spent in this place.
 C = Inter-level travel time spent in this place.
 D = Time resting spent in this place.
 E = Time spent auto-exploring this place.
 F = Levels seen in this place.
 G = Mean time per level.
                   A        B        C        D        E       F      G
               +--------+--------+--------+--------+--------+-----+--------+
         Total |   4004 |   3913 |     91 |   1250 |   2168 |   5 |  800.8 |
       Dungeon |   4004 |   3913 |     91 |   1250 |   2168 |   5 |  800.8 |
               +--------+--------+--------+--------+--------+-----+--------+

Top non-repeatable levels by time:
     D:2: 2254 daAuts
     D:1: 1489 daAuts
     D:3: 162 daAuts
     D:6: 66 daAuts
     D:5: 32 daAuts
